 Dungeon Crawl Stone Soup version 0.21-a0-442-g848f44b (webtiles) character file.

115674 mortelune the Severer (level 16, -8/155 HPs)
             Began as a Minotaur Berserker on Nov 12, 2017.
             Was a High Priest of Trog.
             Mangled by a shock serpent (10 damage)
             ... on level 2 of the Snake Pit.
             The game lasted 01:59:46 (36938 turns).

mortelune the Severer (Minotaur Berserker)         Turns: 36938, Time: 01:59:46

Health: -8/155     AC: 24    Str: 30    XL:     16   Next: 19%
Magic:  6/6        EV: 13    Int:  4    God:    Trog [*****.]
Gold:   1170       SH:  0    Dex: 11    Spells: 15/15 levels left

rFire    . . .     SeeInvis .   G - +5 battleaxe (antimagic)
rCold    . . .     Gourm    +   (shield currently unavailable)
rNeg     . . .     Faith    .   v - +0 plate armour {rPois}
rPois    +         Spirit   .   (helmet restricted)
rElec    .         Reflect  .   R - +0 cloak
rCorr    .         Harm     .   E - +0 pair of gloves {archery}
MR       +....                  w - +1 pair of boots {run}
Stlth    ..........             N - amulet of the gourmand
HPRegen  0.35/turn              W - ring of Daaqooc {+Fly Slay+3}
MPRegen  0.10/turn              f - ring of poison resistance

@: starving, quick
A: retaliatory headbutt, horns 2, strong 1
a: Berserk, Trog's Hand, Brothers in Arms, Burn Spellbooks, Renounce Religion,
Evoke Flight


You were on level 2 of the Snake Pit.
You worshipped Trog.
Trog was extremely pleased with you.
You were starving.

You visited 4 branches of the dungeon, and saw 25 of its levels.
You also visited: Ice Cave.

You collected 2874 gold pieces.
You spent 1704 gold pieces at shops.

Inventory:

Hand Weapons
 a - a +6 vampiric battleaxe
 G - a +5 antimagic battleaxe (weapon)
 T - the +3 flail of Bloody Death {crush, +Blink rF+ rC++}
   (You found it on level 11 of the Dungeon)

   It inflicts extra damage upon your enemies.
   It protects you from fire.
   It greatly protects you from cold.
   It lets you blink.
Missiles
 u - 8 poisoned javelins (quivered)
Armour
 v - a +0 plate armour of poison resistance (worn)
 w - a +1 pair of boots of running (worn)
 D - a +1 plate armour of magic resistance
 E - a +0 pair of gloves of archery (worn)
 Q - a +1 chain mail of fire resistance
 R - a +0 cloak (worn)
Jewellery
 f - a ring of poison resistance (right hand)
 F - an uncursed ring of resist corrosion
 I - an uncursed ring of resist corrosion
 N - an amulet of the gourmand (around neck)
 W - the ring of Daaqooc (left hand) {+Fly Slay+3}
   (You bought it in a shop on level 7 of the Dungeon)

   [ring of flight]

   It affects your accuracy and damage with ranged weapons and melee attacks
   (+3).
   It lets you fly.
 Y - an uncursed ring of protection from cold
Wands
 i - a wand of acid (15/15)
 k - a wand of random effects (22/48)
 n - a wand of lightning (4/15)
 t - a wand of flame (24/48)
 L - a wand of polymorph (15/24)
 S - a wand of confusion (17/48)
Scrolls
 b - a scroll of magic mapping
 e - 4 scrolls of blinking
 g - 4 scrolls of fog
 r - 2 scrolls of enchant armour
 y - 10 scrolls of remove curse
 H - 10 scrolls of teleportation
 M - 5 scrolls of identify
 X - 2 scrolls of recharging
Potions
 j - 3 potions of mutation
 l - 9 potions of curing
 m - 2 potions of invisibility
 o - 2 potions of flight
 p - 6 potions of might
 q - 3 potions of degeneration
 x - 2 potions of cancellation
 z - 4 potions of haste
 A - a potion of berserk rage
 B - 6 potions of lignification
 K - a potion of brilliance
 U - 4 potions of agility
 V - a potion of heal wounds
Books
 C - a book of Power

   Spells                             Type                      Level
   a - Iskenderun's Battlesphere      Conjuration/Charms           5
   b - Venom Bolt                     Conjuration/Poison           5
   c - Bolt of Magma                  Conjuration/Fire/Earth       5
   d - Iron Shot                      Conjuration/Earth            6
   e - Orb of Destruction             Conjuration                  7
   f - Spellforged Servitor           Conjuration/Summoning        7
   Trog disapproves of the use of such an item.
 J - a book of Ice

   Spells                             Type                      Level
   a - Ice Form                       Ice/Transmutation            4
   b - Metabolic Englaciation         Hexes/Ice                    5
   c - Ozocubu's Refrigeration        Ice                          6
   d - Bolt of Cold                   Conjuration/Ice              6
   e - Freezing Cloud                 Conjuration/Ice/Air          6
   f - Simulacrum                     Ice/Necromancy               6
   Trog disapproves of the use of such an item.
Miscellaneous
 h - a box of beasts
 O - a fan of gales
Comestibles
 c - 15 bread rations
 d - 16 royal jellies
 s - 4 meat rations
 P - 21 fruits


   Skills:
 + Level 17.4 Fighting
 + Level 19.3 Axes
 + Level 17.2 Armour
 + Level 11.0 Dodging
 - Level 5.0 Evocations


You had 15 spell levels left.
You didn't know any spells.

Dungeon Overview and Level Annotations

Branches:
Dungeon (15/15)            Temple (0/1) D:6            Lair (6/6) D:8
 Shoals (0/4) Lair:4        Snake (2/4) Lair:4        Slime (0/5) Lair:5
    Orc (2/2) D:11            Elf (0/3) Orc:2        Vaults (0/5) D:14
 Depths (0/5) D:15

Altars:
Cheibriados
Elyvilon
Gozag
Hepliaklqana
Kikubaaqudgha
Nemelex Xobeh
Okawaru
Ru
Sif Muna
Uskayaw
Vehumet
Xom
Zin

Shops:
D:4 *   D:7 =   Orc:2 %%*![   Snake:1 =

Annotations:
Lair:3 exclusion: 2 oklob plants


Innate Abilities, Weirdness & Mutations

You reflexively headbutt those who attack you in melee.
You have a pair of horns on your head.
Your muscles are strong. (Str +2)


Message History

The shock serpent bites you! The shock serpent shocks you!
* * * LOW HITPOINT WARNING * * *
Your ogre goes berserk!
You are starving!
The shock serpent shoots out a bolt of lightning at you!
The bolt of electricity hits you!
* * * LOW HITPOINT WARNING * * *
The shock serpent bites you.
* * * LOW HITPOINT WARNING * * *
The shock serpent shocks you!
* * * LOW HITPOINT WARNING * * *
The shock serpent shoots out a bolt of lightning at you!
The bolt of electricity hits you!
* * * LOW HITPOINT WARNING * * *
You hear a shout!
Your ogre completely misses the shock serpent.
The shock serpent bites you.
* * * LOW HITPOINT WARNING * * *
The shock serpent shocks you!
You die...

##......# #.......#.# #
...##...#.# ##.##
..........# ......
...##.....##
.....N######..###.......
.............# #....<...
.>#####S.##.####.#......
#O@.(...(.#.#......
#......##.........#
#...###>..#.......#
#...# #...######)รท.
.....# #...######...
....### #...##...#...
..... #..###.......
..##. #.## #....... #.
###...##


You could see a shock serpent, a naga mage and a friendly ogre (berserk).

Vanquished Creatures
  Frances (D:14)
  A frost giant (IceCv)
  2 orc warlords (Orc:1)
  The ghost of darxusza the Nimble, a journeyman DDMo of Makhleb (D:13)
  An ettin (Orc:2)
  Snorg (Orc:2)
  Josephine (Orc:2)
  A fire dragon (Lair:6)
  Harold (Lair:1)
  2 naga warriors
  2 vault guards (D:14)
  A catoblepas (Lair:2)
  4 centaur warriors
  4 hydras
  3 two-headed ogres
  The ghost of kae the Geomancer, a journeyman GrEE of Vehumet (Lair:1)
  A tengu warrior (D:13)
  2 orc high priests
  5 death yaks
  3 shock serpents
  A vampire mage (D:15)
  A naga sharpshooter (Snake:2)
  A titan skeleton (D:15)
  Nergalle (Orc:2)
  A fire crab (Lair:6)
  2 skeletal warriors (D:15)
  A sea snake (Snake:1)
  3 unseen horrors
  A swamp dragon (Lair:6)
  2 wizards (D:14)
  A phantasmal warrior (D:13)
  An orc knight (Orc:2)
  A lindwurm (Lair:5)
  2 necromancers
  2 deep elf magi
  2 wolf spider zombies
  6 ugly things
  2 manticores
  4 cyclopes
  9 orc sorcerers
  A salamander (Snake:1)
  A merfolk siren (Lair:4)
  A stone giant skeleton (D:15)
  A spriggan zombie (D:15)
  4 naga magi (Snake:1)
  12 elephants (Lair:6)
  6 black mambas
  2 gargoyles
  12 spiny frogs
  7 rime drakes
  9 komodo dragons
  7 trolls
  19 polar bears
  3 merfolk (Lair:4)
  A queen bee (D:9)
  11 blink frogs
  6 slime creatures (D:12)
  2 hornets
  A harpy skeleton (D:14)
  11 hippogriffs
  9 dream sheep
  A hippogriff (shapeshifter) (D:13)
  A meliai zombie (D:13)
  43 yaks
  10 wyverns
  5 basilisks
  7 wraiths
  20 humans (D:14)
  Menkaure (D:6)
  2 hungry ghosts
  2 steam dragons
  2 vampire mosquitoes (D:15)
  A warg (Orc:2)
  A soldier ant (D:13)
  15 nagas
  An acid dragon (D:12)
  10 water moccasins
  A swamp drake (Lair:6)
  13 porcupines
  5 ice beasts
  28 orc warriors
  An eye of draining (D:12)
  A necrophage (D:15)
  2 black bears
  4 sky beasts
  8 ogres
  15 wolves
  8 centaurs
  14 crocodiles
  3 big kobolds
  12 bullfrogs
  A gnoll sergeant (D:6)
  A wyvern zombie (D:12)
  2 scorpions
  24 killer bees
  18 wights
  6 electric eels
  4 howler monkeys
  5 centaur zombies
  8 crimson imps
  4 bullfrog zombies
  A quasit (D:9)
  5 jellies
  20 orc priests
  3 bullfrog skeletons
  6 centaur skeletons
  11 hounds
  Jessica (D:9)
  2 iguanas
  33 orc wizards
  10 worker ants
  A killer bee zombie (D:7)
  A hound skeleton (D:11)
  Robin (D:3)
  16 gnolls
  7 adders
  7 shadow imps
  4 oozes
  An adder zombie (D:9)
  3 worms
  4 dart slugs
  4 leopard geckos
  85 orcs
  6 bats
  11 giant cockroaches
  10 goblins
  8 hobgoblins
  16 jackals
  4 quokkas
  3 ball pythons
  6 frilled lizards
  2 jackal skeletons
  26 kobolds
  A quokka skeleton (D:4)
  2 quokka zombies
  10 rats
  A bush (Lair:5)
  A fungus (Lair:4)
  3 plants
  A withered plant (D:15)
855 creatures vanquished.

Vanquished Creatures (collateral kills)
  An orc warlord (Orc:1)
  The ghost of Gildeon the Blocker, a journeyman MiFi (Lair:1)
  2 hydras
  A titan zombie (D:15)
  A naga sharpshooter (Snake:1)
  An orc knight (Orc:1)
  2 orc sorcerers
  A salamander (Snake:1)
  An elephant (Lair:6)
  A rime drake (Lair:6)
  2 komodo dragons (Lair:6)
  A polar bear (Lair:3)
  2 blink frogs
  2 steam dragons (Lair:6)
  An acid dragon (D:15)
  A porcupine (Lair:1)
  An ogre (Orc:1)
  2 crocodiles
  An electric eel (Snake:1)
  An iguana (Lair:6)
  An orc (Orc:1)
27 creatures vanquished.

Vanquished Creatures (others)
  A polar bear (IceCv)
  A yak (IceCv)
  5 wolves (IceCv)
  A quokka (D:6)
  A bush (Lair:6)
  24 fungi (Lair:6)
  22 plants
  A withered plant (D:15)
56 creatures vanquished.

Grand Total: 938 creatures vanquished

Notes
Turn   | Place    | Note
-------+----------+-------------------------------------------
     0 | D:1      | mortelune the Minotaur Berserker began the quest for the Orb.
     0 | D:1      | Reached XP level 1. HP: 19/19 MP: 0/0
    38 | D:1      | Reached skill level 4 in Axes
    38 | D:1      | Reached XP level 2. HP: 27/27 MP: 1/1
   194 | D:1      | Reached XP level 3. HP: 28/33 MP: 2/2
   807 | D:2      | Reached ** piety under Trog
  1006 | D:2      | Reached XP level 4. HP: 40/41 MP: 3/3
  1007 | D:2      | Reached skill level 5 in Axes
  1599 | D:2      | Found a snail-covered altar of Cheibriados.
  1933 | D:3      | Reached XP level 5. HP: 45/47 MP: 4/4
  2053 | D:3      | Found an iron altar of Okawaru.
  2071 | D:3      | Reached skill level 5 in Fighting
  2074 | D:3      | Reached *** piety under Trog
  2404 | D:3      | Noticed Robin
  2414 | D:3      | Killed Robin
  2607 | D:3      | Reached XP level 6. HP: 22/56 MP: 5/5
  2971 | D:3      | Found a sparkling altar of Nemelex Xobeh.
  3171 | D:4      | Reached skill level 6 in Axes
  3291 | D:4      | Reached skill level 5 in Armour
  3479 | D:4      | Reached **** piety under Trog
  3684 | D:4      | Found an opulent altar of Gozag.
  3686 | D:4      | Found Gozag's Platinum Reserve.
  3708 | D:4      | Reached XP level 7. HP: 63/63 MP: 6/6
  3934 | D:5      | Entered Level 5 of the Dungeon
  4051 | D:5      | Found a hazy altar of Hepliaklqana.
  4104 | D:5      | Reached skill level 7 in Axes
  4692 | D:5      | Noticed a two-headed ogre
  4696 | D:5      | Killed a two-headed ogre
  4696 | D:5      | Reached skill level 8 in Axes
  4696 | D:5      | Reached XP level 8. HP: 56/74 MP: 7/7
  5022 | D:5      | Found a sparkling altar of Nemelex Xobeh.
  5022 | D:5      | Found a radiant altar of Vehumet.
  5488 | D:6      | Reached skill level 9 in Axes
  5819 | D:6      | Noticed Menkaure
  5830 | D:6      | Killed Menkaure
  5931 | D:6      | Found a glowing silver altar of Zin.
  5946 | D:6      | Found a white marble altar of Elyvilon.
  6225 | D:6      | Reached XP level 9. HP: 82/82 MP: 8/8
  6267 | D:6      | Found a staircase to the Ecumenical Temple.
  7166 | D:7      | Reached ***** piety under Trog
  7250 | D:7      | Found Zogugh's Jewellery Emporium.
  7608 | D:8      | Received a gift from Trog
  7608 | D:8      | Reached skill level 10 in Axes
  7807 | D:8      | Reached skill level 10 in Fighting
  7826 | D:8      | HP: 2/85 [wolf (8)]
  7844 | D:8      | HP: 2/85 [wight/halberd (5)]
  8297 | D:8      | Reached skill level 10 in Armour
  8298 | D:8      | Found a staircase to the Lair.
  8397 | D:8      | Noticed a troll
  8408 | D:8      | Killed a troll
  8680 | D:8      | Reached XP level 10. HP: 20/94 MP: 3/9
  9112 | D:8      | Found an ancient bone altar of Kikubaaqudgha.
  9486 | D:9      | Reached skill level 11 in Axes
  9847 | D:9      | Found a hide-covered altar of Uskayaw.
  9979 | D:9      | Paralysed by a hornet for 2 turns
 10454 | D:9      | Noticed a gargoyle
 10461 | D:9      | Killed a gargoyle
 10993 | D:9      | Noticed Jessica
 11002 | D:9      | Killed Jessica
 11046 | D:9      | Found a deep blue altar of Sif Muna.
 11106 | D:10     | Entered Level 10 of the Dungeon
 11203 | D:10     | Reached skill level 12 in Axes
 11523 | D:10     | Reached XP level 11. HP: 89/104 MP: 3/10
 12269 | D:11     | Got a translucent flail
 12270 | D:11     | Identified the cursed +3 flail of Bloody Death {crush, +Blink rF+ rC++} (You found it on level 11 of the Dungeon)
 12374 | D:11     | Gained mutation: Your muscles are strong. (Str +2) [mutagenic meat]
 12817 | D:11     | Found a staircase to the Orcish Mines.
 12851 | D:12     | Paralysed by a hornet for 3 turns
 13059 | D:12     | Reached skill level 13 in Axes
 13693 | D:12     | Reached ****** piety under Trog
 14024 | D:12     | Noticed a purple ugly thing
 14031 | D:12     | Killed a purple ugly thing
 14185 | Lair:1   | Entered Level 1 of the Lair of Beasts
 14186 | Lair:1   | Noticed kae's ghost (journeyman GrEE)
 14194 | Lair:1   | Killed kae's ghost
 14211 | Lair:1   | Received a gift from Trog
 14212 | Lair:1   | Reached XP level 12. HP: 30/115 MP: 3/11
 14969 | Lair:1   | Reached skill level 14 in Axes
 15027 | Lair:1   | Noticed Gildeon's ghost (journeyman MiFi)
 15037 | Lair:1   | Killed Gildeon's ghost
 15121 | D:7      | Bought an uncursed ring of poison resistance for 320 gold pieces
 15241 | Lair:1   | Noticed Harold
 15251 | Lair:1   | Killed Harold
 15835 | Lair:2   | Reached skill level 1 in Evocations
 15862 | Lair:2   | HP: 2/117 [blink frog (12)]
 16264 | Lair:2   | Noticed a catoblepas
 16282 | Lair:2   | Killed a catoblepas
 16652 | Lair:2   | Noticed a six-headed hydra
 16658 | Lair:2   | Killed a six-headed hydra
 17507 | Lair:3   | Noticed a seven-headed hydra
 17517 | Lair:3   | Killed a seven-headed hydra
 17883 | Lair:3   | Noticed a death yak
 17891 | Lair:3   | Killed a death yak
 18152 | Lair:3   | Reached XP level 13. HP: 125/125 MP: 4/14
 18930 | Lair:4   | Found a staircase to the Snake Pit.
 18949 | Lair:4   | Got a jewelled long sword
 18950 | Lair:4   | Identified the +3 long sword of the Priest {flame, *Slow rElec Dex+7} (You found it on level 4 of the Lair of Beasts)
 19011 | Lair:4   | Reached skill level 5 in Dodging
 19302 | Lair:4   | Reached skill level 15 in Axes
 19679 | Lair:4   | Found a staircase to the Shoals.
 20059 | Lair:5   | Found a staircase to the Slime Pits.
 20228 | Lair:5   | Reached skill level 15 in Fighting
 21408 | Lair:6   | Entered Level 6 of the Lair of Beasts
 21532 | Lair:6   | Received a gift from Trog
 21566 | Lair:6   | Reached skill level 15 in Armour
 21955 | Lair:6   | Reached skill level 5 in Evocations
 22567 | Lair:6   | Noticed a fire dragon
 22582 | Lair:6   | Killed a fire dragon
 22582 | Lair:6   | Reached skill level 16 in Axes
 22582 | Lair:6   | Reached XP level 14. HP: 84/135 MP: 16/16
 24386 | Orc:1    | Entered Level 1 of the Orcish Mines
 24399 | Orc:1    | Noticed an orc warlord
 24420 | Orc:1    | Killed an orc warlord
 24846 | Orc:2    | Entered Level 2 of the Orcish Mines
 24846 | Orc:2    | Found Uffyph Zega's Food Shoppe.
 24846 | Orc:2    | Found a staircase to the Elven Halls.
 25203 | Orc:1    | Noticed Nergalle
 25296 | Orc:2    | Killed Nergalle
 25501 | Orc:1    | Noticed Snorg
 25650 | Orc:2    | Killed Snorg
 26277 | Orc:1    | Received a gift from Trog
 26496 | Orc:1    | Noticed an orc warlord
 26513 | Orc:1    | Killed an orc warlord
 26513 | Orc:1    | Reached skill level 17 in Axes
 26848 | Orc:2    | Noticed Josephine
 26857 | Orc:2    | Killed Josephine
 26985 | Orc:2    | Noticed an orc warlord
 27424 | Orc:1    | Killed an orc warlord
 28022 | Orc:2    | Found Sukuh's Food Emporium.
 28023 | Orc:2    | Found Heceusy's Assorted Antiques.
 28024 | Orc:2    | Found Gopuahi's Antique Armour Shoppe.
 28029 | Orc:2    | Found Jukhlokh's Distillery.
 28048 | Orc:2    | Bought a pair of embroidered boots for 202 gold pieces
 28048 | Orc:2    | Bought a pair of runed gloves for 202 gold pieces
 28050 | Orc:2    | Bought a potion of agility for 68 gold pieces
 28052 | Orc:2    | Bought a scroll of teleportation for 87 gold pieces
 28052 | Orc:2    | Bought a scroll labeled SIEBUC BIESKY for 29 gold pieces
 28052 | Orc:2    | Bought a scroll of identify for 58 gold pieces
 28052 | Orc:2    | Bought a potion of heal wounds for 145 gold pieces
 28064 | Orc:2    | Identified a +1 pair of boots of running (You bought it in a shop on level 2 of the Orcish Mines)
 28863 | D:13     | Found a frozen archway.
 28874 | IceCv    | Entered an ice cave
 28886 | IceCv    | Received a gift from Trog
 29111 | IceCv    | Reached XP level 15. HP: 96/145 MP: 17/17
 29858 | IceCv    | Noticed a frost giant
 29873 | IceCv    | Killed a frost giant
 29883 | IceCv    | Received a gift from Trog
 30700 | D:13     | Noticed darxusza's ghost (journeyman DDMo)
 30714 | D:13     | Killed darxusza's ghost
 30714 | D:13     | Reached skill level 18 in Axes
 31425 | D:7      | Bought the ring of Daaqooc {+Fly Slay+3} for 593 gold pieces
 32146 | D:14     | Found a deep blue altar of Sif Muna.
 32368 | D:14     | Found a gate to the Vaults.
 32375 | D:14     | Received a gift from Trog
 32377 | D:14     | Reached skill level 10 in Dodging
 32480 | D:14     | Noticed Frances
 32495 | D:14     | Killed Frances
 32947 | D:15     | Entered Level 15 of the Dungeon
 32981 | D:15     | Found a sacrificial altar of Ru.
 33363 | D:15     | Found a shimmering altar of Xom.
 33547 | D:15     | Found a staircase to the Depths.
 34035 | D:15     | Reached skill level 19 in Axes
 35074 | Snake:1  | Entered Level 1 of the Snake Pit
 35120 | Snake:1  | Reached XP level 16. HP: 126/155 MP: 6/18
 35261 | Snake:1  | Found Yraurobe's Jewellery Shop.
 35746 | Snake:1  | Received a gift from Trog
 36936 | Snake:2  | HP: 5/155 [shock serpent (12)]
 36938 | Snake:2  | HP: 2/155 [shock serpent (1)]
 36938 | Snake:2  | Mangled by a shock serpent

Vault maps used:
D:1:      minmay_arrival_shattered_statue, minmay_domino_2
D:2:      cheibriados_altar_1
D:3:      old_standard_altar, corexii_hall_statues_x, grunt_decor_resistance,
          nemelex_dance_club_becter, uniq_robin
D:4:      nicolae_gozag_zags_fifth_avenue, bh_walls_and_bars
D:5:      lemuel_doored_altar, gammafunk_temple_overflow_elements, first_bread
D:6:      elyvilon_altar_4, zin_academy, minmay_temple_entry_hall, uniq_menkaure
D:7:      serial_shops, shop
D:8:      overflow_temple_1_default, erik_lair_island
D:9:      old_standard_altar, tgw_sif, david_nohive_1
D:10:     small_statue_alley_a
D:11:     orc_0_dummy
D:12:     serial_corexii_hall, corexii_hall_statues_i, corexii_hall_statues_l,
          corexii_hall_statues_l, corexii_hall_statues_i,
          corexii_hall_statues_l, corexii_hall_statues_x
D:13:     portal_ice_cave_rime, evilmike_minifort
D:14:     grunt_vaults_entry_tiered, kennysheep_flooded_box, serial_glass,
          glass_columns_c, glass_columns_a, glass_columns_a, glass_columns_a,
          glass_columns_b, glass_columns_a, onia_ninara_dug_in_and_dangerous,
          uniq_frances
D:15:     gammafunk_depths_entry_grave, basic_altar, xom_teletrap_fun
Lair:1:   grunt_megastairs_2, lemuel_fruit_fields, uniq_harold
Lair:2:   grunt_megastairs_1
Lair:3:   st_stairs_3, hangedman_lair_generics_rect, minmay_lair_oklob_chamber
Lair:4:   elwin_shoals_entry_stream, guppyfry_snake_entry_garden,
          beast_lair_carwin_1
Lair:5:   nicolae_slime_entry_slimehenge
Lair:6:   guppyfry_lair_end_dragon
Snake:1:  serial_shops, shop, grunt_ministairs_2, serial_bayou_ford_a
Snake:2:  serial_shops, shop, lemuel_oklob_altar
Orc:1:    uniq_nergalle, uniq_snorg
Orc:2:    st_orc_mages, serial_shops, nicolae_shop_stone, uniq_josephine
IceCv:    ice_cave_caverns_03

Skill      XL: |  1  2  3  4  5  6  7  8  9 10 11 12 13 14 15 16 |
---------------+-------------------------------------------------+-----
Axes           | 4 5 6 8 9 10 12 13 14 16 17 19 | 19.3
Fighting       | 4 5 6 8 10 11 13 14 15 16 17 | 17.4
Armour         | 3 4 5 7 8 10 11 13 14 15 16 17 | 17.2
Evocations     | 3 5 |  5.0
Dodging        | 4 7 9 10 11 | 11.0

Action                   |  1- 3 |  4- 6 |  7- 9 | 10-12 | 13-15 | 16-18 || total
-------------------------+-------+-------+-------+-------+-------+-------++-------
Melee: Hand axe          |    83 |   188 |    54 |       |       |       ||   325
       Headbutt          |    11 |    35 |    49 |   116 |   306 |    24 ||   541
       War axe           |       |       |   111 |       |       |       ||   111
       Spear             |       |       |    58 |       |       |       ||    58
       Battleaxe         |       |       |    48 |   436 |   631 |    78 ||  1193
       Flail             |       |       |       |    66 |   311 |       ||   377
       Executioner's axe |       |       |       |    32 |   150 |       ||   182
Invok: Berserk           |     2 |     5 |     5 |     5 |     2 |       ||    19
       Brothers in Arms  |       |       |       |     4 |    10 |     2 ||    16
       Burn Spellbooks   |       |       |       |     1 |     2 |       ||     3
       Trog's Hand       |       |       |       |       |     5 |       ||     5
 Abil: Evoke Flight      |       |       |       |       |     1 |       ||     1
Evoke: Wand              |       |       |       |       |     1 |       ||     1
  Use: Scroll            |       |     4 |     6 |     6 |    10 |       ||    26
       Potion            |       |       |       |     2 |       |       ||     2
 Stab: Distracted        |       |       |       |       |     1 |       ||     1
  Eat: Chunk             |     1 |    13 |    16 |    26 |    58 |       ||   114
       Fruit             |       |       |     3 |     1 |     6 |       ||    10
       Meat ration       |       |       |     1 |     2 |       |     1 ||     4
       Royal jelly       |       |       |       |       |     1 |       ||     1
Armor: Animal skin       |     8 |       |       |       |       |       ||     8
       Scale mail        |    31 |    69 |    55 |       |       |       ||   155
       Plate armour      |       |       |    96 |   468 |   596 |    43 ||  1203
       Chain mail        |       |       |       |       |   134 |       ||   134
Dodge: Dodged            |    51 |    35 |    53 |   281 |   748 |    38 ||  1206
Block: Large shield      |       |   103 |   156 |       |       |       ||   259

Table legend:
 A = Spawn XP
 B = Non-spawn XP
 C = Spawn XP percentage of total XP
 D = Spawn monster count
 E = Non-spawn monster count
 F = Spawn count percentage of total count
 G = Total turns spent on level
                    A         B        C        D         E        F      G
               +---------+---------+-------+---------+---------+-------+---------
         Total |       0 |  165249 |   0.0 |       0 |     877 |   0.0 | 36938
               +---------+---------+-------+---------+---------+-------+---------
           D:1 |       0 |      78 |   0.0 |       0 |      29 |   0.0 |   791
           D:2 |       0 |     117 |   0.0 |       0 |      27 |   0.0 |  1122
           D:3 |       0 |     235 |   0.0 |       0 |      38 |   0.0 |  1199
           D:4 |       0 |     347 |   0.0 |       0 |      25 |   0.0 |   822
           D:5 |       0 |    1518 |   0.0 |       0 |      21 |   0.0 |  1488
           D:6 |       0 |     531 |   0.0 |       0 |      15 |   0.0 |  1270
           D:7 |       0 |    1032 |   0.0 |       0 |      22 |   0.0 |  1262
           D:8 |       0 |    1916 |   0.0 |       0 |      33 |   0.0 |  1771
           D:9 |       0 |    3301 |   0.0 |       0 |      35 |   0.0 |  1842
          D:10 |       0 |    2416 |   0.0 |       0 |      58 |   0.0 |   967
          D:11 |       0 |    3059 |   0.0 |       0 |      23 |   0.0 |  1185
          D:12 |       0 |    5318 |   0.0 |       0 |      35 |   0.0 |  1303
          D:13 |       0 |   11724 |   0.0 |       0 |      40 |   0.0 |  1402
          D:14 |       0 |   13633 |   0.0 |       0 |      41 |   0.0 |  1766
          D:15 |       0 |   16449 |   0.0 |       0 |      39 |   0.0 |  1233
        Lair:1 |       0 |    7920 |   0.0 |       0 |      26 |   0.0 |  2576
        Lair:2 |       0 |    6901 |   0.0 |       0 |      28 |   0.0 |   920
        Lair:3 |       0 |    4007 |   0.0 |       0 |      14 |   0.0 |  1007
        Lair:4 |       0 |    8491 |   0.0 |       0 |      31 |   0.0 |  1448
        Lair:5 |       0 |    5129 |   0.0 |       0 |      16 |   0.0 |  1528
        Lair:6 |       0 |   21195 |   0.0 |       0 |      64 |   0.0 |  2633
       Snake:1 |       0 |   10429 |   0.0 |       0 |      30 |   0.0 |  1786
       Snake:2 |       0 |    3056 |   0.0 |       0 |       4 |   0.0 |    78
         Orc:1 |       0 |    9138 |   0.0 |       0 |      40 |   0.0 |  1623
         Orc:2 |       0 |   16828 |   0.0 |       0 |     103 |   0.0 |  2366
         IceCv |       0 |   10481 |   0.0 |       0 |      40 |   0.0 |  1550
               +---------+---------+-------+---------+---------+-------+---------
